 Dungeon Crawl Stone Soup version 0.30.1-5-ged363bc7ee (webtiles) character file.

Game seed: 3007716392192522829

35 Kurtz the Chopper (level 3, -2/23 HPs)
             Began as a Tengu Fighter on Sept 19, 2023.
             Slain by an iguana (10 damage)
             ... on level 2 of the Dungeon.
             The game lasted 00:00:35 (1152 turns).

Kurtz the Chopper (Tengu Fighter)                   Turns: 1152, Time: 00:00:35

Health: -2/23      AC:  6    Str: 18    XL:     3   Next: 33%
Magic:  4/4        EV:  9    Int:  8    God:
Gold:   116        SH:  4    Dex: 13    Spells: 2/2 levels left

rFire   . . .        a - +0 war axe
rCold   . . .        c - +0 buckler
rNeg    . . .        b - +0 scale mail
rPois   .            (helmet restricted)
rElec   .            (no cloak)
rCorr   .            (no gloves)
SInv    .            (boots unavailable)
Will    .....        m - amulet of faith Stlth
                     (no ring)
HPRegen 0.23/turn    (no ring)
MPRegen 0.09/turn

%: faith
@: mighty
A: beak, talons 3
a: no special abilities


You were on level 2 of the Dungeon.
You visited 1 branch of the dungeon, and saw 2 of its levels.

You collected 116 gold pieces.

Inventory:

Hand Weapons
 a - a +0 war axe (weapon)
Armour
 b - a +0 scale mail (worn)
 c - a +0 buckler (worn)
Jewellery
 m - an amulet of faith (around neck)
Scrolls
 f - a scroll of amnesia {unknown}
 g - a scroll of identify {unknown}
 h - a scroll of teleportation {unknown}
 i - a scroll of poison {unknown}
 k - a scroll of noise {unknown}
Potions
 e - a potion of flight {unknown}
 j - a potion of lignification {unknown}
 l - a potion of resistance {unknown}


   Skills:
 - Level 3.0 Fighting
 * Level 4.0 Axes
 - Level 3.2 Armour
 - Level 3.0 Shields


You had 2 spell levels left.
You didn't know any spells.
Your spell library contained the following spells:

 Spells                   Type           Power      Damage    Failure   Level
 Freeze                   Ice            0%         1d3       86%         1
 Sandblast                Erth           0%         2d4       86%         1
 Shock                    Conj/Air       0%         1d3       86%         1
 Passwall                 Tmut/Erth      0%         N/A       95%         2
 Call Canine Familiar     Summ           0%         N/A       99%         3
 Frozen Ramparts          Ice            0%         1d1       99%         3
 Hailstorm                Conj/Ice       0%         3d3       99%         3
 Inner Flame              Hex/Fire       0%         N/A       99%         3
 Portal Projectile        Hex/Tloc       0%         N/A       99%         3
 Stone Arrow              Conj/Erth      0%         3d7       99%         3
 Swiftness                Air            0%         N/A       99%         3
 Airstrike                Air            0%         2d(0-16)  100%        4
 Leda's Liquefaction      Hex/Erth       0%         N/A       100%        4
 Yara's Violent Unravell  Hex/Tmut       0%         3d3       100%        5
 Enfeeble                 Hex            0%         N/A       100%        7


Dungeon Overview and Level Annotations

Branches:
Dungeon (2/15)

Altars:
Cheibriados


Innate Abilities, Weirdness & Mutations

You have a beak for a mouth.
You have claws for feet.


Message History

You slash the rat!
You kill the rat!
No target in view!
No target in view!
No target in view!
You start putting on your amulet.
You continue putting on your amulet of faith. x5
You finish putting on your amulet of faith.
You feel a strange surge of divine interest.
m - an amulet of faith (around neck)
Found a snail-covered altar of Cheibriados.
You see here a rat corpse.
No target in view!
Found a stone staircase leading up.
No target in view!
Found a stone staircase leading down.
No target in view!
An iguana comes into view.
The iguana hisses angrily.
An iguana is nearby!
An iguana is nearby!
Found 8 gold pieces.
The iguana bites you.
An iguana is nearby!
You closely miss the iguana.
The iguana bites you but does no damage.
The iguana bites you!
An iguana is nearby!
You are too injured to fight recklessly!
An iguana is nearby!
You are too injured to fight recklessly!
You are too injured to fight recklessly!
An iguana is nearby!
You are too injured to fight recklessly!
The iguana attacks as you move away! The iguana barely misses you.
You feel very mighty all of a sudden. The iguana bites you.
You slash the iguana! You claw the iguana.
The iguana is severely wounded.
The iguana bites you!
You die...

#.##..........
##############
#....#########
.........>...#
######
############.# #
########.##### ##
#####............#
###.
......######.###.#
#.)# ####### #.#
#.# #.#† #.# #@#
#.## #.# #l# #.##
#<# #.# #.# #.#
#.### #.# #.#
#...# #.# ###.#
#.# #.# #.#
#$#####.## #.#
#........# #.#


You could see an iguana.

Vanquished Creatures
  2 dart slugs
  5 ball pythons
  A bat (D:1)
  6 endoplasms
  3 goblins
  3 hobgoblins
  A quokka (D:1)
  6 rats
27 creatures vanquished.

Notes
Turn   | Place    | Note
-------+----------+-------------------------------------------
     0 | D:1      | Kurtz the Tengu Fighter began the quest for the Orb.
     0 | D:1      | Reached XP level 1. HP: 14/14 MP: 2/2
   156 | D:1      | Reached skill level 3 in Axes
   156 | D:1      | Reached XP level 2. HP: 19/19 MP: 3/3
   485 | D:1      | Reached XP level 3. HP: 13/23 MP: 4/4
  1044 | D:2      | Reached skill level 4 in Axes
  1076 | D:2      | Found a snail-covered altar of Cheibriados.
  1152 | D:2      | Slain by an iguana

Illustrated notes

Levels and vault maps discovered:
D:1:      lordsloth_arrival_two_stooges, layout_basic, minmay_domino_2
D:2:      layout_loops_ring, basic_altar

Skill      XL: |  1  2  3 |
---------------+----------+-----
Axes           | 3 4 |  4.0
Fighting       | |  3.0
Armour         | |  3.2
Shields        | |  3.0

Action                     || total
---------------------------++-------
  Melee: War axe           ||    36
         Peck              ||     5
         Kick              ||    11
    Use: Potion            ||     1
 Armour: Scale mail        ||    13
  Dodge: Dodged            ||    14
  Block: Buckler           ||     3
